 Dungeon Crawl Stone Soup version 0.25-a0-479-g8579842fd4 (webtiles) character file.

Game seed: 17335008541710764937, levelgen mode: deterministic

88 kae the Ruffian (level 4, -3/35 HPs)
             Began as a Draconian Transmuter on Feb 9, 2020.
             Slain by a centaur (8 damage)
             ... on level 2 of the Dungeon.
             The game lasted 00:01:21 (2185 turns).

kae the Ruffian (Draconian Transmuter)              Turns: 2185, Time: 00:01:21

Health: -3/35      AC:  2    Str: 13    XL:     4   Next: 30%
Magic:  1/7        EV: 19    Int: 13    God:
Gold:   81         SH:  0    Dex: 17    Spells: 3/9 levels left

rFire    . . .     SeeInvis .     - Unarmed
rCold    . . .     Gourm    .   (shield currently unavailable)
rNeg     . . .     Faith    .   (armour unavailable)
rPois    x         Spirit   .   (helmet currently unavailable)
rElec    .         Reflect  .   (cloak currently unavailable)
rCorr    .         Harm     .   (gloves currently unavailable)
MR       .....                  (boots currently unavailable)
Stlth    ++........             (no amulet)
HPRegen  0.11/turn              (no ring)
MPRegen  0.10/turn              (no ring)

@: lethally poisoned (-3 -> -4), spider-form (expiring), very slightly
contaminated
A: tiny, unfitting armour, blurry vision 1, low mp 1, evolution 1, AC +5
a: End Transformation


You were on level 2 of the Dungeon.
You were near starving.
You were a venomous arachnid creature.
You visited 1 branch of the dungeon, and saw 2 of its levels.

You collected 81 gold pieces.

Inventory:

Missiles
 a - 27 arrows
Jewellery
 g - a cursed amulet of inaccuracy {unknown}
Scrolls
 b - a scroll of fog {unknown}
 d - a scroll of noise {unknown}
 e - a scroll of magic mapping {unknown}
 f - a scroll of teleportation {unknown}
 h - a scroll of amnesia {unknown}
 j - a scroll of identify {unknown}
 k - a scroll of immolation {unknown}
 m - a scroll of enchant armour {unknown}
Comestibles
 c - 3 rations


   Skills:
 - Level 1.1 Fighting
 - Level 1.7 Dodging
 * Level 4.0 Unarmed Combat
 * Level 3.0 Spellcasting
 + Level 2.7 Transmutations


You had 3 spell levels left.
You knew the following spells:

 Your Spells              Type           Power        Failure   Level  Hunger
a - Beastly Appendage     Tmut           #.....       21%         1    #......
b - Sticks to Snakes      Tmut           #.......     28%         2    ##.....
c - Spider Form           Tmut/Pois      #.........   58%         3    ###....

Your spell library contained the following spells:

 Spells                   Type           Power        Failure   Level  Hunger
 Ice Form                 Ice/Tmut       #.......     91%         4    #####..
 Blade Hands              Tmut           #.........   98%         5    ######.


Dungeon Overview and Level Annotations

Branches:
Dungeon (2/15)

Altars:


Innate Abilities, Weirdness & Mutations

((Your plain brown scales are hard. (AC +5)))
You cannot fit into any form of body armour.
((You are cold-blooded and may be slowed by cold attacks.))
Scrolls take you a little longer to read.
Your magical capacity is low. (-10% MP)
((You are resistant to electric shocks. (rElec)))
You evolve.


Message History

Your transformation is almost over.
The kobold closely misses you.
You barely miss the kobold.
You feel sick. The kobold barely misses you.
You barely miss the kobold.
The kobold is moderately wounded.
The kobold hits you with a +0 short sword.
The goblin shouts!
You hit the kobold.
You kill the kobold!
You hit the centaur.
The centaur is lightly wounded.
The centaur closely misses you.
You barely miss the centaur.
The centaur is lightly wounded.
You feel sick. The centaur closely misses you. The centaur hits you!
* * * LOW HITPOINT WARNING * * *
You hit the centaur but do no damage.
The centaur is lightly wounded.
The centaur hits you!
You die...

########## ##.#..#.##.#
#........# ##.#..#.##..#
#.######.# ##.#..#.##..##
#.##...#.# ##.#..#.##....#
#.##.#...# ##.#..#.##).##.#
#.##...#.###.#..#.##....###
#.###.##.##.#..#.##..##..(#
#........#.(....###...###.#
#####.####s#.#..#.###...###
#.# #c###.#..#.###...# #.#
#...###.#..#.###.# #.##
##....###.#..#.#'# #..#
..#....###.#..#.# ##.#
#.##.##...###.#... #.###. #
#% ###..# #..###
###############
##...####.........##...


You could see a centaur.

Vanquished Creatures
  2 adders (D:2)
  4 gnolls
  3 dart slugs
  A leopard gecko (D:1)
  A ball python (D:2)
  2 bats
  2 giant cockroaches
  4 hobgoblins (D:2)
  A frilled lizard (D:1)
  3 kobolds
  6 rats
29 creatures vanquished.

Notes
Turn   | Place    | Note
-------+----------+-------------------------------------------
     0 | D:1      | kae the Draconian Transmuter began the quest for the Orb.
     0 | D:1      | Reached XP level 1. HP: 16/16 MP: 3/3
   221 | D:1      | Reached XP level 2. HP: 23/23 MP: 3/5
  1189 | D:1      | Learned a level 2 spell: Sticks to Snakes
  1198 | D:1      | Reached XP level 3. HP: 20/28 MP: 5/7
  1285 | D:1      | Learned a level 3 spell: Spider Form
  1766 | D:2      | Reached XP level 4. HP: 34/35 MP: 8/8
  2144 | D:2      | Noticed a centaur
  2160 | D:2      | Gained mutation: You are resistant to electric shocks.
                  | (rElec) [potion of mutation]
  2160 | D:2      | Gained mutation: Your magical capacity is low. (-10% MP)
                  | [potion of mutation]
  2160 | D:2      | Gained mutation: Scrolls take you a little longer to read.
                  | [potion of mutation]
  2160 | D:2      | Gained mutation: You evolve. [potion of mutation]
  2173 | D:2      | Reached skill level 4 in Unarmed Combat
  2185 | D:2      | Slain by a centaur

Levels and vault maps discovered:
D:1:      dpeg_arrival_rooms_with_view, layout_loops_corners
D:2:      minmay_razor_zed, layout_loops_corners

Skill      XL: |  1  2  3  4 |
---------------+-------------+-----
Spellcasting   | 3 |  3.0
Unarmed Combat | 4 |  4.0
Fighting       | |  1.1
Dodging        | |  1.7
Transmutations | |  2.7

Action                   |  1- 3 |  4- 6 || total
-------------------------+-------+-------++-------
Melee: Unarmed           |    85 |    34 ||   119
       Tailslap          |     8 |     1 ||     9
       Kick              |     5 |       ||     5
       Headbutt          |     2 |       ||     2
 Cast: Beastly Appendage |     9 |     1 ||    10
       Spider Form       |     2 |     1 ||     3
  Use: Potion            |     2 |     1 ||     3
 Stab: Sleeping          |     2 |       ||     2
  Eat: Chunk             |     3 |       ||     3
Armor: Skin              |    13 |    11 ||    24
Dodge: Dodged            |    63 |    27 ||    90

Table legend:
 A = Non-vault XP
 B = Vault XP
 C = Vault XP percentage of total XP
 D = Non-vault monster count
 E = Vault monster count
 F = Vault count percentage of total count
                 A         B        C        D         E       F
            +---------+---------+-------+---------+---------+-------
      Total |     103 |      24 |  18.9 |      23 |       6 |  20.7
            +---------+---------+-------+---------+---------+-------
        D:1 |      44 |       6 |  12.0 |      11 |       2 |  15.4
        D:2 |      59 |      18 |  23.4 |      12 |       4 |  25.0
            +---------+---------+-------+---------+---------+-------
